 Dungeon Crawl Stone Soup version 0.29-a0-43-g62a80824bf (webtiles) character file.

Game seed: 11279411758283278363

45360 belegose the Summoner (level 14, -1/100 HPs)
             Began as a Demonspawn Cinder Acolyte on Feb 3, 2022.
             Was a Priest of Ignis.
             Slain by an orc warrior (3 damage)
             ... while petrified by Jorgrun
             ... on level 2 of the Orcish Mines.
             The game lasted 01:37:09 (30832 turns).

belegose the Summoner (Demonspawn Cinder Acolyte)  Turns: 30832, Time: 01:37:10

Health: -1/100     AC: 26    Str: 14    XL:     14   Next: 0%
Magic:  28/28      EV: -1    Int: 24    God:    Ignis [***...]
Gold:   1816       SH:  0    Dex: 10    Spells: 22/33 levels left

rFire   + . .      SeeInvis .   a - +3 rapier (speed)
rCold   . . .      Faith    .   (no shield)
rNeg    + + +      Spirit   .   s - +3 scale mail of Baneb {Drain rPois rN+++ rCorr Int+4}
rPois   ∞          Reflect  +   M - +2 hat
rElec   .          Harm     .   o - +1 cloak
rCorr   +          Rampage  +   K - +0 pair of gloves
Will    +....                   m - +0 pair of boots
Stlth   ..........              Z - amulet of Gluttony {Reflect Rampage SH+5}
HPRegen 0.26/turn               Y - ring of positive energy
MPRegen 0.42/turn               t - +4 ring of protection

@: petrified, grasped by roots, constricted
A: claws 2, icy blue scales 2, ignite blood 2, magic regeneration
a: Renounce Religion, Fiery Armour, Foxfire Swarm, Rising Flame


You were on level 2 of the Orcish Mines.
You worshipped Ignis.
Ignis was most pleased with you.
You visited 4 branches of the dungeon, and saw 19 of its levels.
You also visited: Ice Cave.

You collected 2023 gold pieces.
You spent 207 gold pieces at shops.

Inventory:

Hand Weapons
 a - a +3 rapier of speed (weapon)
 w - a -1 falchion of flaming
 U - the +6 mace "Veetom" {antimagic, rPois Int+3}
   (You found it on level 11 of the Dungeon)

   It reduces the magical energy of the wielder, and disrupts the spells and
   magical abilities of those it strikes.
   Natural abilities and divine invocations are not affected.
   Int:       It affects your intelligence (+3).
   rPois:     It protects you from poison.
Missiles
 b - 10 boomerangs
 d - 523 stones
 e - 5 throwing nets
 g - 30 poisoned darts (quivered)
Armour
 m - a +0 pair of boots (worn)
 o - a +1 cloak (worn)
 s - the +3 scale mail of Baneb (worn) {Drain rPois rN+++ rCorr Int+4}
   (You took it off a goblin on level 4 of the Dungeon)

   Int:       It affects your intelligence (+4).
   rPois:     It protects you from poison.
   rN:        It renders you almost immune to negative energy.
   rCorr:     It protects you from acid and corrosion.
   Drain:     It drains your maximum health when unequipped.
 y - a +0 kite shield
 G - +0 ice dragon scales
 K - a +0 pair of gloves (worn)
 M - a +2 hat (worn)
Jewellery
 j - a ring of protection from cold
 t - a +4 ring of protection (right hand)
 H - a ring of protection from fire
 Q - a ring of protection from fire
 V - a ring of flight
 Y - a ring of positive energy (left hand)
 Z - the amulet of Gluttony (around neck) {Reflect Rampage SH+5}
   (You found it in an ice cave)

   [amulet of reflection]

   It reflects blocked missile attacks.
   SH:        It affects your SH (+5).
   Rampage:   It bestows one free step when moving towards enemies.
Wands
 l - a wand of iceblast (16)
 r - a wand of paralysis (8)
 A - a wand of acid (15)
 C - a wand of flame (24)
 D - a wand of mindburst (15)
 I - a wand of digging (16)
 N - a wand of polymorph (3)
Scrolls
 f - 2 scrolls of blinking {unknown}
 h - 4 scrolls of magic mapping
 k - 3 scrolls of teleportation
 n - a scroll of acquirement
 p - 6 scrolls of enchant weapon
 R - 2 scrolls of enchant armour {unknown}
Potions
 c - 2 potions of brilliance
 i - 10 potions of curing
 q - a potion of flight
 u - 2 potions of invisibility
 v - a potion of berserk rage
 x - a potion of mutation
 z - 3 potions of heal wounds
 B - 2 potions of ambrosia
 E - a potion of haste
 F - 2 potions of magic
 L - 4 potions of cancellation
 O - a potion of lignification
Miscellaneous
 T - a phial of floods


   Skills:
 - Level 6.2 Fighting
 - Level 3.1(4.3) Short Blades
 - Level 4.5(5.0) Long Blades
 + Level 9.9 Armour
 - Level 5.0 Dodging
 - Level 1.6 Stealth
 - Level 10.0 Spellcasting
 - Level 10.0 Hexes
 - Level 10.0 Summonings
 - Level 2.6 Fire Magic
 - Level 10.0 Evocations


You had 22 spell levels left.
You knew the following spells:

 Your Spells              Type           Power      Damage    Failure   Level
a - Summon Guardian Gole  Hex/Summ       56%        N/A       1%          3
b - Tukima's Dance        Hex            56%        N/A       1%          3
c - Summon Mana Viper     Hex/Summ       56%        N/A       8%          5

Your spell library contained the following spells:

 Spells                   Type           Power      Damage    Failure   Level
 Scorch                   Fire           48%        2d7       9%          2
 Sandblast                Erth           24%        2d8       17%         1
 Anguish                  Hex/Necr       18%        N/A       22%         4
 Passwall                 Tmut/Erth      10%        N/A       26%         2
 Summon Cactus Giant      Summ           28%        N/A       38%         6
 Stone Arrow              Conj/Erth      24%        3d8       45%         3
 Metabolic Englaciation   Hex/Ice        18%        N/A       52%         5
 Summon Forest            Summ/Tloc      18%        N/A       52%         5
 Yara's Violent Unravell  Hex/Tmut       18%        3d9       52%         5
 Sticky Flame             Conj/Fire      18%        2d4       67%         4
 Hailstorm                Conj/Ice       12%        3d5       86%         4
 Ice Form                 Ice/Tmut       12%        N/A       86%         4
 Passage of Golubria      Tloc           12%        N/A       86%         4
 Enfeeble                 Hex            28%        N/A       93%         7
 Simulacrum               Ice/Necr       6%         N/A       100%        6
 Chain Lightning          Conj/Air       6%         3d8       100%        9
 Fire Storm               Conj/Fire      9%         8d2       100%        9
 Shatter                  Erth           6%         3d9*      100%        9


Dungeon Overview and Level Annotations

Branches:
Dungeon (12/15)            Temple (1/1) D:7            Lair (4/6) D:9
    Orc (2/2) D:12            Elf (0/3) Orc:2         IceCv (visited)
  Swamp: Lair:2-4    Shoals: Lair:2-4     Snake: Lair:2-4    Spider: Lair:2-4

Altars:
Elyvilon
Trog
Beogh

Shops:
D:2 (

Annotations:
D:2 exclusion: downstairs
D:5 3 runed translucent doors, indyram44's ghost, novice DsFi
D:8 2 runed translucent doors, exclusion: 2 doors, ragingrage's ghost, novice OgFE
D:10 exclusion: downstairs
Orc:2 Jorgrun


Innate Abilities, Weirdness & Mutations

You have very sharp fingernails.
You are mostly covered in icy blue scales. (AC +3)
Your demonic aura often causes spilled blood to erupt in flames.
You regenerate magic rapidly.


Message History

Unknown command.
You block the orc's attack.
You have turned to stone.
Jorgrun casts a spell at you.
Roots burst forth from the earth!
The grasping roots grab you! The grasping roots constrict you.
The orc hits you but does no damage.
The orc sorcerer shouts!
The orc warrior hits you from afar with a +0 glaive of protection.
Jorgrun casts a spell at you. The iron shot hits you!!!
The grasping roots constrict you! The orc hits you but does no damage.
The orc warrior hits you from afar with a +0 glaive of protection!
The orc sorcerer mumbles some strange words.
Jorgrun hits you with a +0 vorpal quarterstaff!
The grasping roots constrict you! The orc hits you with a +0 morningstar.
The orc warrior hits you but does no damage.
Jorgrun points at you and mumbles some strange words.
The iron shot hits you!!!
* * * LOW HITPOINT WARNING * * *
The grasping roots constrict you.
* * * LOW HITPOINT WARNING * * *
The orc hits you but does no damage.
The orc warrior hits you from afar with a +0 glaive of protection.
* * * LOW HITPOINT WARNING * * *
Jorgrun hits you but does no damage. The grasping roots constrict you!
* * * LOW HITPOINT WARNING * * *
The orc hits you but does no damage.
The orc sorcerer gestures at you while chanting.
The bolt of negative energy hits you but does no damage.
You resist.
The orc wizard shouts!
The orc warrior hits you from afar with a +0 glaive of protection!
* * * LOW HITPOINT WARNING * * *
The orc hits you but does no damage.
Jorgrun hits you with a +0 vorpal quarterstaff.
* * * LOW HITPOINT WARNING * * *
x2 The grasping roots constrict you!
* * * LOW HITPOINT WARNING * * *
The orc warrior hits you from afar with a +0 glaive of protection.
You die...

.............................##
..............................#
...#...........[[.............#
..#......#....................#
.#.#.#.##....................##
.....##..#........$...........#
.....)......[................##
##)..)...[...[...o............#
.....)))...[..[g@)............#
............o...[.............#
.....#..)..$..o..............##
...####...o...................#
... #.........o4............##
.. #..................<....##
## #..$....$.................#
..........................#
........................)..#


You could see Jorgrun, an orange demon (summoned), an orc sorcerer, an orc
warrior, an orc priest, an orc wizard and an orc.

Vanquished Creatures
  Donald (Orc:2)
  Harold (D:9)
  2 hydras (Lair:2)
  An ice dragon (IceCv)
  A two-headed ogre (D:10)
  An orc high priest (Orc:2)
  A deep elf pyromancer (D:12)
  Pikel (D:7)
  2 orc knights (Orc:1)
  An orc sorcerer (Orc:1)
  An ugly thing (D:11)
  A wizard (D:11)
  5 elephants
  Joseph (D:7)
  Maggie (D:7)
  3 cane toads (Lair:1)
  3 rime drakes (IceCv)
  A kobold demonologist (D:8)
  An unseen horror (D:9)
  3 komodo dragons
  2 trolls
  A polar bear (Lair:2)
  5 blink frogs
  Sigmund (D:3)
  3 wyverns
  Eustachio (D:4)
  20 yaks
  A steam dragon (D:8)
  3 wargs
  10 water moccasins
  An ice beast (D:6)
  2 black bears
  A necrophage (D:6)
  16 orc warriors
  2 sky beasts
  7 ogres
  8 wolves
  2 centaurs
  3 lemures (D:7)
  A kobold brigand (D:8)
  2 nameless horrors
  9 bullfrogs
  4 scorpions
  A water moccasin zombie (D:5)
  11 killer bees
  4 wights
  3 howler monkeys
  A komodo dragon simulacrum (IceCv)
  A centaur zombie (D:6)
  A centaur skeleton (D:5)
  A gnoll shaman (D:6)
  13 orc priests
  4 hounds
  3 jellies
  5 iguanas
  14 orc wizards
  2 killer bee zombies
  8 gnolls
  2 acid dragon simulacra (IceCv)
  5 adders
  A howler monkey skeleton (D:7)
  A shadow imp (D:6)
  A white imp (D:7)
  A worm (D:3)
  A dart slug (D:4)
  44 orcs
  11 ball pythons
  3 bats
  12 endoplasms
  A giant cockroach (D:2)
  12 goblins
  5 hobgoblins
  10 jackals
  3 quokkas
  8 frilled lizards
  10 kobolds
  8 rats
348 creatures vanquished.

Vanquished Creatures (collateral kills)
  Josephine (D:12)
  A two-headed ogre (D:12)
  4 orc sorcerers
  A black mamba (Lair:4)
  2 ice statues (IceCv)
  A kobold demonologist (D:11)
  3 trolls
  4 slime creatures (D:12)
  A shadow (D:12)
  2 yaks (D:11)
  A small abomination (D:11)
  4 wraiths (D:12)
  A warg (D:12)
  2 large abominations (D:11)
  7 orc warriors
  4 ogres (Orc:2)
  2 lindwurm simulacra (IceCv)
  An electric eel (Lair:4)
  2 komodo dragon simulacra (IceCv)
  5 orc priests
  4 orc wizards (Orc:2)
  A gnoll (D:11)
  5 acid dragon simulacra (IceCv)
  5 steam dragon simulacra (IceCv)
  17 orcs
81 creatures vanquished.

Vanquished Creatures (others)
  Gastronok (Lair:1)
  2 hydras
  A boulder beetle (D:11)
  3 death yaks
  A wizard (D:10)
  An elephant (Lair:2)
  3 large abominations (D:11)
  2 cane toads
  A rime drake (IceCv)
  4 komodo dragons
  2 polar bears (D:12)
  A troll (D:12)
  A blink frog (Lair:3)
  2 wyverns
  8 yaks
  2 water moccasins (Lair:2)
  An orc warrior (D:9)
  6 small abominations (D:11)
  A gnoll sergeant (D:11)
  A komodo dragon simulacrum (IceCv)
  A gnoll (D:11)
  2 acid dragon simulacra (IceCv)
  A steam dragon simulacrum (IceCv)
  4 bushes (Lair:3)
  16 fungi
  28 plants
96 creatures vanquished.

Grand Total: 525 creatures vanquished

Notes
Turn   | Place    | Note
-------+----------+-------------------------------------------
     0 | D:1      | belegose the Demonspawn Cinder Acolyte began the quest for
                  | the Orb.
     0 | D:1      | Reached XP level 1. HP: 18/18 MP: 2/2
   551 | D:1      | Gained mutation: You are partially covered in icy blue
                  | scales. (AC +2) [demonic ancestry]
   551 | D:1      | Reached XP level 2. HP: 20/24 MP: 3/3
   897 | D:1      | Reached skill level 1 in Stealth
  1038 | D:1      | Reached skill level 1 in Dodging
  1073 | D:1      | Gained mutation: Your demonic aura sometimes causes spilled
                  | blood to erupt in flames. [demonic ancestry]
  1073 | D:1      | Reached XP level 3. HP: 29/29 MP: 4/4
  1221 | D:1      | Found a faded altar of an unknown god.
  1428 | D:2      | Found Duekhlixi's Antique Weapon Shoppe.
  2360 | D:3      | Reached XP level 4. HP: 25/35 MP: 5/5
  2477 | D:3      | Noticed Sigmund
  3402 | D:4      | Noticed a black bear
  3421 | D:4      | Killed a black bear
  3422 | D:4      | Reached skill level 1 in Armour
  3422 | D:4      | Reached skill level 1 in Evocations
  3422 | D:4      | Gained mutation: You regenerate magic rapidly. [demonic
                  | ancestry]
  3422 | D:4      | Reached XP level 5. HP: 28/42 MP: 6/6
  3871 | D:4      | Gained mutation: You have sharp fingernails. [demonic
                  | ancestry]
  3871 | D:4      | Reached XP level 6. HP: 48/48 MP: 7/7
  4696 | D:4      | Identified the +3 scale mail of Baneb {Drain rPois rN+++
                  | rCorr Int+4}
  4698 | D:5      | Entered Level 5 of the Dungeon
  5399 | D:5      | Noticed indyram44's ghost (novice DsFi)
  5401 | D:5      | Found a runed translucent gate.
  5401 | D:5      | Found a runed translucent gate.
  5405 | D:5      | Found a runed translucent gate.
  5415 | D:5      | Noticed a steam dragon
  5432 | D:5      | Reached XP level 7. HP: 49/55 MP: 8/8
  5465 | D:5      | Noticed Eustachio
  5540 | D:4      | Killed Eustachio
  5541 | D:4      | Reached skill level 5 in Fighting
  5849 | D:5      | Reached skill level 1 in Short Blades
  5870 | D:5      | Identified the +10 scythe of Fucs {venom, Fragile rPois
                  | Will- Str+8}
  6377 | D:5      | Reached XP level 8. HP: 56/63 MP: 9/9
  7997 | D:6      | Got the Reference Book on Fetching Attacks
  8002 | D:6      | Learned a level 3 spell: Summon Guardian Golem
  8235 | D:7      | Reached skill level 1 in Hexes
  8235 | D:7      | Reached skill level 1 in Summonings
  8346 | D:7      | Found a staircase to the Ecumenical Temple.
  8351 | Temple   | Entered the Ecumenical Temple
  8548 | D:6      | Reached XP level 9. HP: 42/69 MP: 12/12
  8780 | D:7      | Identified the +0 ring mail of Lounet {Slay+5}
  9078 | D:7      | Noticed Joseph
  9109 | D:7      | Killed Joseph
  9371 | D:7      | Noticed Maggie
  9387 | D:7      | Killed Maggie
  9579 | D:7      | Noticed Pikel
  9645 | D:7      | Killed Pikel
 10346 | D:7      | Reached skill level 5 in Hexes
 10367 | D:8      | Reached skill level 5 in Summonings
 10397 | D:8      | Found a large runed translucent door.
 10397 | D:8      | Found a large runed translucent door.
 10401 | D:8      | Noticed ragingrage's ghost (novice OgFE)
 10689 | D:7      | Reached XP level 10. HP: 56/76 MP: 17/17
 11308 | D:8      | Reached skill level 5 in Spellcasting
 12049 | D:8      | Noticed a rust devil
 12232 | D:9      | Identified the +6 shortbow "Zasush" {freeze, rF+ rN+ Str+3}
 12249 | D:9      | Identified the +3 flail of the Walnut {vorpal, rN++}
 12275 | D:9      | Found a staircase to the Lair.
 13668 | D:9      | Noticed Harold
 13719 | D:10     | Entered Level 10 of the Dungeon
 15281 | D:9      | Killed Harold
 15290 | D:9      | Gained mutation: Your demonic aura often causes spilled
                  | blood to erupt in flames. [demonic ancestry]
 15290 | D:9      | Reached XP level 11. HP: 43/81 MP: 18/18
 16165 | D:10     | Noticed a wizard
 16184 | D:10     | Killed a wizard
 16325 | D:10     | Learned a level 3 spell: Tukima's Dance
 16390 | D:11     | Noticed a boulder beetle
 16390 | D:11     | Noticed a two-headed ogre
 16413 | D:10     | Killed a two-headed ogre
 16821 | Lair:1   | Entered Level 1 of the Lair of Beasts
 17612 | Lair:1   | Noticed Gastronok
 17612 | Lair:1   | Noticed a seven-headed hydra
 17650 | Lair:1   | Killed a seven-headed hydra
 17687 | Lair:1   | Killed Gastronok
 18202 | Lair:1   | Reached skill level 10 in Hexes
 18202 | Lair:1   | Reached skill level 10 in Summonings
 18496 | Lair:1   | You fall into a shaft and drop 1 floor!
 18537 | Lair:2   | Noticed an eight-headed hydra
 18558 | Lair:2   | Killed an eight-headed hydra
 18559 | Lair:2   | Reached skill level 5 in Evocations
 18573 | Lair:2   | Gained mutation: You are mostly covered in icy blue scales.
                  | (AC +3) [demonic ancestry]
 18573 | Lair:2   | Reached XP level 12. HP: 70/88 MP: 20/20
 18586 | Lair:2   | Reached skill level 5 in Dodging
 18591 | Lair:2   | Reached skill level 5 in Armour
 20865 | Lair:3   | Noticed a death yak
 20865 | Lair:3   | Noticed a death yak
 20902 | Lair:3   | Killed a death yak
 20906 | Lair:3   | Noticed a death yak
 20920 | Lair:3   | Noticed a four-headed hydra
 20931 | Lair:2   | Killed a death yak
 21287 | Lair:3   | Noticed a five-headed hydra
 21303 | Lair:3   | Killed a five-headed hydra
 21548 | Lair:2   | Learned a level 5 spell: Summon Mana Viper
 21790 | Lair:2   | Killed a death yak
 21845 | Lair:2   | Killed a four-headed hydra
 22953 | Lair:4   | Identified the +7 flail "Risamek" {vorpal, Drain rPois
                  | Str-2 Int+8}
 23708 | D:2      | Bought an encrusted quarterstaff for 207 gold pieces
 23708 | D:2      | Identified the +1 quarterstaff "Qecelis" {vorpal, Will-
                  | Int+7} (You bought it in a shop on level 2 of the Dungeon)
 23939 | D:3      | Killed Sigmund
 24090 | D:3      | Identified the +0 pair of boots "Xyeripp" {rF- MP+9 Dex+4}
 24532 | D:11     | Killed a boulder beetle
 24533 | D:11     | Reached XP level 13. HP: 93/93 MP: 24/24
 24990 | D:11     | Identified the +6 mace "Veetom" {antimagic, rPois Int+3}
 25323 | D:12     | Found a bloodstained altar of Trog.
 25356 | D:12     | Found a frozen archway.
 25364 | IceCv    | Entered an ice cave
 26630 | IceCv    | Identified the amulet of Gluttony {Reflect Rampage SH+5}
 26866 | IceCv    | Identified a scroll of acquirement
 27091 | D:12     | Paralysed by a centaur for 4 turns
 27289 | D:12     | Found a staircase to the Orcish Mines.
 27809 | Orc:1    | Entered Level 1 of the Orcish Mines
 28003 | Orc:1    | Noticed Josephine
 28171 | Orc:1    | Paralysed by an orc sorcerer for 6 turns
 28383 | D:12     | Killed Josephine
 29268 | Orc:1    | Reached skill level 10 in Evocations
 29427 | Orc:2    | Entered Level 2 of the Orcish Mines
 29427 | Orc:2    | Found a staircase to the Elven Halls.
 30607 | Orc:2    | Noticed Donald
 30625 | Orc:2    | Killed Donald
 30627 | Orc:2    | Reached skill level 10 in Spellcasting
 30634 | Orc:2    | Noticed Jorgrun
 30718 | Orc:1    | Gained mutation: You have very sharp fingernails. [demonic
                  | ancestry]
 30718 | Orc:1    | Reached XP level 14. HP: 80/100 MP: 22/28
 30831 | Orc:2    | HP: 5/100 [Jorgrun (1)]
 30831 | Orc:2    | HP: 2/100 [constriction (3)]
 30832 | Orc:2    | Slain by an orc warrior

Illustrated notes

Levels and vault maps discovered:
D:1:      dpeg_arrival_round_a, layout_basic, basic_ecumenical_altar
D:2:      layout_rooms, serial_shops, shop
D:3:      minmay_chambers_of_threes, layout_basic, minmay_misc_feat_columns,
          uniq_sigmund
D:4:      layout_basic
D:5:      layout_cave_pools, elyvilon_altar_3, gammafunk_ghost_split,
          uniq_eustachio
D:6:      layout_layer_cave
D:7:      layout_basic, minmay_temple_entry_butterflies,
          chequers_decorated_corner, uniq_pikel, uniq_joseph, uniq_maggie
D:8:      layout_basic, ebering_ghost_disaster_area, minmay_fountain_box
D:9:      layout_stronghold, david_lair_shrubbed, uniq_harold
D:10:     layout_big_octagon
D:11:     layout_basic, laboratory
D:12:     layout_small_grid, david_orc_2, portal_ice_cave_entry_pillars_2,
          trog_ov_bears_minmay
Temple:   mainiacjoe_temple_hex_bubbles
Lair:1:   layout_regular_city, chequers_serial_rivers_micro_d, uniq_gastronok
Lair:2:   layout_cave_pods, st_stairs_3
Lair:3:   layout_roguey, lemuel_fruit_tree
Lair:4:   layout_cave_pods, elwin_shoals_entry_stream,
          nicolae_spider_entry_orb_guardian, lookout_lair_type, pf_torpor_hydra
Orc:1:    nicolae_orc_accident_2, layout_caves, uniq_josephine
Orc:2:    st_orc_congregation, layout_caves, basic_altar, uniq_jorgrun,
          uniq_donald

Skill      XL: |  1  2  3  4  5  6  7  8  9 10 11 12 13 |
---------------+----------------------------------------+-----
Long Blades    | 3 4 |  4.5
Stealth        | 1 |  1.6
Dodging        | 1 4 5 |  5.0
Fighting       | 4 5 6 |  6.2
Armour         | 1 2 3 4 7 9 |  9.9
Evocations     | 1 2 3 4 5 8 10 | 10.0
Short Blades   | 1 3 |  3.1
Hexes          | 2 5 8 10 | 10.0
Summonings     | 1 5 8 10 | 10.0
Spellcasting   | 2 4 5 7 10 | 10.0
Fire Magic     | |  2.6

Action                   |  1- 3 |  4- 6 |  7- 9 | 10-12 | 13-15 || total
-------------------------+-------+-------+-------+-------+-------++-------
Melee: Falchion          |   159 |   120 |       |       |       ||   279
       Punch             |     3 |     4 |     3 |    11 |     6 ||    27
       Long sword        |       |    45 |    15 |       |       ||    60
       Rapier            |       |       |   383 |   804 |   342 ||  1529
Throw: Stone             |     5 |       |       |       |       ||     5
       Dart              |       |    11 |    15 |       |       ||    26
 Cast: Summon Guardian G |       |       |       |    44 |    42 ||    86
       Summon Mana Viper |       |       |       |     5 |    72 ||    77
Invok: Fiery Armour      |       |       |     3 |     3 |     1 ||     7
Evoke: Wand              |       |       |     6 |     6 |     6 ||    18
  Use: Potion            |       |       |     2 |       |       ||     2
       Scroll            |       |       |       |    12 |     9 ||    21
 Stab: Sleeping          |     3 |       |       |       |       ||     3
       Distracted        |       |       |       |       |     2 ||     2
Armor: Robe              |    33 |       |       |       |       ||    33
       Ring mail         |    21 |    64 |       |       |       ||    85
       Scale mail        |       |     8 |   231 |   408 |   187 ||   834
Dodge: Dodged            |   101 |    88 |   166 |   335 |   138 ||   828
Block: Other             |       |       |       |       |    39 ||    39
       Reflection        |       |       |       |       |     3 ||     3

Table legend: (Time is in decaauts)
 A = Elapsed time spent in this place.
 B = Non-inter-level travel time spent in this place.
 C = Inter-level travel time spent in this place.
 D = Time resting spent in this place.
 E = Time spent auto-exploring this place.
 F = Levels seen in this place.
 G = Mean time per level.
                   A        B        C        D        E       F      G
               +--------+--------+--------+--------+--------+-----+--------+
         Total |  30491 |  28339 |   2152 |   9794 |  10910 |  20 | 1524.6 |
       Dungeon |  20365 |  18718 |   1647 |   5939 |   8295 |  12 | 1697.1 |
        Temple |      1 |      1 |      0 |      0 |      0 |   1 |    1.0 |
          Lair |   6271 |   5895 |    376 |   2260 |   2015 |   4 | 1567.8 |
  Orcish Mines |   2241 |   2112 |    129 |    587 |    536 |   2 | 1120.5 |
      Ice Cave |   1611 |   1611 |      0 |   1007 |     64 |   1 | 1611.0 |
               +--------+--------+--------+--------+--------+-----+--------+

Top non-repeatable levels by time:
     D:9: 3321 daAuts
  Lair:2: 2615 daAuts
     D:6: 2258 daAuts
     D:8: 2121 daAuts
     D:7: 1986 daAuts
  Lair:3: 1727 daAuts
   Orc:1: 1691 daAuts
  Lair:1: 1676 daAuts
    D:12: 1661 daAuts
   IceCv: 1611 daAuts
     D:5: 1590 daAuts
     D:3: 1585 daAuts
     D:1: 1549 daAuts
     D:4: 1486 daAuts
    D:10: 1012 daAuts
